 Dungeon Crawl Stone Soup version 0.30-a0-782-ge64f9170bb (webtiles) character file.

Game seed: 9159176098563794710

2 Leeroy the Insei (level 1, -1/13 HPs)
             Began as an Octopode Transmuter on Mar 4, 2023.
             Frozen to death by an endoplasm (4 damage)
             ... on level 1 of the Dungeon.
             The game lasted 00:00:07 (121 turns).

Leeroy the Insei (Octopode Transmuter)               Turns: 121, Time: 00:00:07

Health: -1/13      AC:  1    Str:  9    XL:     1   Next: 40%
Magic:  3/3        EV: 13    Int: 15    God:
Gold:   0          SH:  0    Dex: 12    Spells: 3/4 levels left

rFire   . . .      SeeInvis .      - Unarmed
rCold   . . .      Faith    .    (no shield)
rNeg    . . .      Spirit   .    (helmet restricted)
rPois   .          Reflect  .    (no amulet)
rElec   .          Harm     .    (no ring)
rCorr   .          Rampage  .    (no ring)
Will    .....                    (no ring)
Stlth   ++                       (no ring)
HPRegen 0.22/turn                (no ring)
MPRegen 0.08/turn                (no ring)
                                 (no ring)
                                 (no ring)

@: no status effects
A: almost no armour, amphibious, 8 rings, camouflage 1, gelatinous body 1,
(nimble swimmer 1), tentacles
a: no special abilities


You were on level 1 of the Dungeon.
You visited 1 branch of the dungeon, and saw 1 of its levels.

Inventory:

Scrolls
 b - a scroll of torment {unknown}
Potions
 a - a potion of lignification
 c - 2 potions of mutation {unknown}


   Skills:
 - Level 1.0 Fighting
 - Level 2.0 Dodging
 - Level 3.0 Unarmed Combat
 - Level 2.0 Spellcasting
 + Level 2.2 Transmutations


You had 3 spell levels left.
You knew the following spells:

 Your Spells              Type           Power      Damage    Failure   Level
a - Beastly Appendage     Tmut           16%        N/A       9%          1

Your spell library contained the following spells:

 Spells                   Type           Power      Damage    Failure   Level
 Wereblood                Tmut           8%         N/A       13%         2
 Spider Form              Tmut/Pois      4%         N/A       38%         3
 Ice Form                 Ice/Tmut       4%         N/A       80%         4


Dungeon Overview and Level Annotations

Branches:
Dungeon (1/15)

Altars:


Innate Abilities, Weirdness & Mutations

You cannot wear most types of armour.
You are amphibious.
You can wear up to eight rings at the same time.
Your skin changes colour to match your surroundings (Stealth+).
Your rubbery body absorbs attacks. (AC +1, EV +1)
((You are camouflaged when in or above water. (Stealth+)))
You have tentacles for arms and can constrict up to eight enemies at once.


Message History

No target in view!
You see here a dart slug corpse.
b - a scroll labelled SUASSA ARHYSH
c - 2 orange potions
Found a dagger.
No target in view!
You see here a +0 dagger.
Found a trident.
You see here a +0 trident.
You open the door.
There is an open door here.
You open the door.
There is an open door here.
A frilled lizard comes into view.
The frilled lizard hisses angrily.
An endoplasm comes into view.
The frilled lizard bites you.
You tentacle-slap the endoplasm but do no damage.
You tentacle-slap the endoplasm.
The endoplasm is lightly wounded.
The frilled lizard bites you. The endoplasm freezes you.
You are frozen.
You are too injured to fight recklessly!
You are too injured to fight recklessly!
You are too injured to fight recklessly!
You are too injured to fight recklessly!
You are too injured to fight recklessly!
You are too injured to fight recklessly!
You tentacle-slap the endoplasm.
The endoplasm is almost dead.
The frilled lizard closely misses you. The endoplasm freezes you.
You are frozen.
* * * LOW HITPOINT WARNING * * *
You closely miss the frilled lizard. You grab the frilled lizard.
You constrict the frilled lizard. The frilled lizard barely misses you.
The endoplasm freezes you.
You are frozen.
You die...

#.# ##.#♣≈~~~~<~
######.####.##♣≈~~~~~~
#.. ....##.###♣♣~~~~~~
#..###..###.##~~♣♣♣♣♣≈
###...#...####.#.~♣♣♣♣♣♣
.......................'
#........####.#...####
#...J....# #.##.## #
#.#.#@..## #.####
#...l...# #.. ###.#####
##. ##### #. .# ..... #
.# .#### .# ## #. #.


You could see an endoplasm and a frilled lizard.

Vanquished Creatures
  A dart slug (D:1)
1 creature vanquished.

Notes
Turn   | Place    | Note
-------+----------+-------------------------------------------
     0 | D:1      | Leeroy the Octopode Transmuter began the quest for the Orb.
     0 | D:1      | Reached XP level 1. HP: 13/13 MP: 3/3
   121 | D:1      | Frozen to death by an endoplasm

Illustrated notes

Levels and vault maps discovered:
D:1:      reono_arrival_forest_river, layout_loops_corners, serial_shops, shop

Action                     || total
---------------------------++-------
  Melee: Unarmed           ||     6
         Constrict         ||     2
         Tentacles         ||     1
 Armour: Skin              ||     1
  Dodge: Dodged            ||     2

Table legend: (Time is in decaauts)
 A = Elapsed time spent in this place.
 B = Non-inter-level travel time spent in this place.
 C = Inter-level travel time spent in this place.
 D = Time resting spent in this place.
 E = Time spent auto-exploring this place.
 F = Levels seen in this place.
 G = Mean time per level.
                   A        B        C        D        E       F      G
               +--------+--------+--------+--------+--------+-----+--------+
         Total |    120 |    120 |      0 |      0 |    102 |   1 |  120.0 |
       Dungeon |    120 |    120 |      0 |      0 |    102 |   1 |  120.0 |
               +--------+--------+--------+--------+--------+-----+--------+

Top non-repeatable levels by time:
     D:1: 120 daAuts
